 Dungeon Crawl Stone Soup version 0.28.0 (webtiles) character file.

Game seed: 6707227748943643822

148 lonewolfV2 the Covered (level 5, 0/41 HPs)
             Began as a Demonspawn Fighter on Feb 10, 2022.
             Succumbed to an adder's poison
             ... on level 3 of the Dungeon.
             The game lasted 00:03:30 (2765 turns).

lonewolfV2 the Covered (Demonspawn Fighter)         Turns: 2765, Time: 00:03:31

Health: 0/41       AC:  6    Str: 18    XL:     5   Next: 8%
Magic:  5/5        EV:  9    Int:  9    God:
Gold:   113        SH:  6    Dex: 13    Spells: 4/4 levels left

rFire   . . .      SeeInvis .   a - +0 war axe
rCold   . . .      Faith    .   c - +1 buckler
rNeg    . . .      Spirit   .   b - +0 scale mail
rPois   .          Reflect  .   (no helmet)
rElec   .          Harm     .   (no cloak)
rCorr   .          Rampage  .   (no gloves)
Will    .....      Rage     1%  (no boots)
Stlth   ..........              (no amulet)
HPRegen 0.13/turn               (no ring)
MPRegen 0.09/turn               (no ring)

@: brilliant, lethally poisoned (0 -> -2)
A: hooves 1, demonic guardian 1, berserk 1
a: no special abilities


You were on level 3 of the Dungeon.
You visited 1 branch of the dungeon, and saw 3 of its levels.

You collected 113 gold pieces.

Inventory:

Hand Weapons
 a - a +0 war axe (weapon)
Armour
 b - a +0 scale mail (worn)
 c - a +1 buckler (worn)
Wands
 n - a wand of iceblast (11)
Scrolls
 e - a scroll of enchant armour
 l - a scroll of immolation
Potions
 d - 2 potions of might
 f - a potion of brilliance
 k - a potion of mutation


   Skills:
 + Level 3.4 Fighting
 + Level 3.1 Axes
 + Level 3.6 Armour
 + Level 0.2 Dodging
 + Level 3.4 Shields


You had 4 spell levels left.
You didn't know any spells.
Your spell library was empty.

Dungeon Overview and Level Annotations

Branches:
Dungeon (3/15)

Altars:

Shops:
D:1 (   D:2 (


Innate Abilities, Weirdness & Mutations

You have large cloven feet.
A weak demonic guardian rushes to your aid.
You tend to lose your temper in combat.


Message History

The adder is lightly wounded.
You feel sick. The adder barely misses you.
The adder bites you but does no damage.
You hit the adder.
The adder is heavily wounded.
You feel sick. The adder barely misses you. The adder bites you.
* * * LOW HITPOINT WARNING * * *
You barely miss the adder. Your kick misses the adder.
The adder is heavily wounded.
You feel sick. The adder bites you.
* * * LOW HITPOINT WARNING * * *
A demonic guardian appears!
You are lethally poisoned!
The adder poisons you! The adder bites you but does no damage.
You barely miss the adder.
The adder is heavily wounded.
* * * LOW HITPOINT WARNING * * *
You feel very sick.
Your ufetubus closely misses the adder.
Your ufetubus misses the adder. The adder barely misses you.
Your ufetubus barely misses the adder.
Your ufetubus closely misses the adder.
It was a potion of brilliance.
You feel clever all of a sudden.
* * * LOW HITPOINT WARNING * * *
You feel sick. The adder bites you but does no damage.
Your ufetubus hits the adder.
Your ufetubus completely misses the adder.
The adder bites you but does no damage.
You slash the adder!
You kill the adder!
* * * LOW HITPOINT WARNING * * *
You feel sick.
* * * LOW HITPOINT WARNING * * *
You feel sick.
* * * LOW HITPOINT WARNING * * *
You feel sick.
Really quaff the potion of mutation?
You feel extremely strange.
You feel a little pissed off.
You die...

## ###########.##
#........@...####
#.#######.5......
#.# ##..^###. #.#
#.## #.# .# #.#
.# #.# # #.# #.#


You could see a friendly ufetubus (summoned).

Vanquished Creatures
  A centaur skeleton (D:2)
  4 adders
  3 gnolls (D:3)
  5 orcs (D:3)
  2 ball pythons
  6 bats
  3 endoplasms
  A giant cockroach (D:3)
  5 hobgoblins
  3 jackals (D:3)
  4 kobolds
  A quokka (D:3)
  5 frilled lizards
  4 goblins
  4 rats
51 creatures vanquished.

Vanquished Creatures (others)
  3 plants (D:1)
3 creatures vanquished.

Grand Total: 54 creatures vanquished

Notes
Turn   | Place    | Note
-------+----------+-------------------------------------------
     0 | D:1      | lonewolfV2 the Demonspawn Fighter began the quest for the
                  | Orb.
     0 | D:1      | Reached XP level 1. HP: 18/18 MP: 1/1
   215 | D:1      | Gained mutation: You have large cloven feet. [demonic
                  | ancestry]
   215 | D:1      | Reached XP level 2. HP: 24/24 MP: 2/2
   725 | D:1      | Found a faded altar of an unknown god.
   917 | D:1      | Found Ihoan's Antique Weapon Shoppe.
  1348 | D:2      | Reached XP level 3. HP: 16/29 MP: 3/3
  1527 | D:2      | Found Iwnoobbu's Weapon Shop.
  1619 | D:2      | Gained mutation: A weak demonic guardian rushes to your
                  | aid. [demonic ancestry]
  1619 | D:2      | Reached XP level 4. HP: 35/35 MP: 4/4
  2684 | D:3      | Reached XP level 5. HP: 35/41 MP: 5/5
  2763 | D:3      | HP: 2/41 [poisoned by an adder]
  2765 | D:3      | Gained mutation: You tend to lose your temper in combat.
                  | [potion of mutation]
  2765 | D:3      | Succumbed to an adder's poison

Illustrated notes

Levels and vault maps discovered:
D:1:      giann_bridges, layout_basic, shapermc_ecumenical_altar_petra,
          serial_shops, nicolae_shop_waterfront
D:2:      layout_basic, serial_shops, nicolae_shop_trees,
          wander_ebering_terrifying_dragon_lair
D:3:      layout_loops_ring, kennysheep_generic_room_10

Skill      XL: |  1  2  3  4 |
---------------+-------------+-----
Axes           | 2 3 |  3.1
Armour         | 3 |  3.6
Shields        | 3 |  3.4
Fighting       | |  3.4
Dodging        | |  0.2

Action                   |  1- 3 |  4- 6 || total
-------------------------+-------+-------++-------
Melee: War axe           |    67 |    52 ||   119
       Kick              |    10 |     7 ||    17
  Use: Scroll            |     6 |       ||     6
       Potion            |       |    10 ||    10
Armor: Scale mail        |    51 |    28 ||    79
Dodge: Dodged            |    50 |    28 ||    78
Block: Buckler           |    21 |    16 ||    37
